Montreal Canadiens vs Calgary Flames
Created - Sunday, February 4, 2024 at 08:40
Goals
|
| Montreal Canadiens |
0 |
1 |
0 |
1 |
| Calgary Flames |
5 |
0 |
1 |
6 |
|
Shots
|
| Montreal Canadiens |
9 |
9 |
11 |
29 |
| Calgary Flames |
15 |
10 |
7 |
32 |
|
1st period
1. Calgary Flames , Oliver Bjorkstrand 1 (Mathieu Joseph 1, Jeff Petry 2) at 3:25
2. Calgary Flames , Sebastian Aho 1 (Zach Hyman 1) at 4:33
3. Calgary Flames , Rafael Harvey-Pinard 1 (Michael Anderson 1) at 7:53
4. Calgary Flames , Matthew Tkachuk 1 (Joel Eriksson Ek 2, Ilya Sorokin) at 14:08 (PP)
5. Calgary Flames , J.T. Miller 2 (Joel Eriksson Ek 3, Matthew Tkachuk 3) at 16:35 (PP)
Penalties :
Brady Skjei (MTL) for Holding (Minor) at 12:52, Tyler Myers (MTL) for Hooking (Minor) at 15:01, Tyler Myers (MTL) for Holding (Minor) at 19:56
2nd period
6. Montreal Canadiens , Filip Forsberg 3 (Martin Necas 3, Dylan Larkin 3) at 18:51 (PP)
Penalties :
Matthew Tkachuk (CGY) for Delaying the game (Minor) at 0:25, Ryan McDonagh (CGY) for Fighting (Major) at 6:13, Dylan Larkin (MTL) for Fighting (Major) at 6:13, Sidney Crosby (MTL) for Cross-checking (Minor) at 6:59, Drew Doughty (CGY) for Elbowing (Minor) at 12:02, Christian Fischer (MTL) for Holding (Minor) at 14:50, Michael Anderson (CGY) for Goalie Interference (Minor) at 17:08, Damon Severson (MTL) for Tripping (Minor) at 19:48
3rd period
7. Calgary Flames , J.T. Miller 3 (Matthew Tkachuk 4, Rasmus Andersson 1) at 1:29 (PP)
Penalties :
Matthew Tkachuk (CGY) for Fighting (Major) at 1:41, Filip Forsberg (MTL) for Fighting (Major) at 1:41, Drew Doughty (CGY) for Hooking (Minor) at 2:06, Brady Skjei (MTL) for Hooking (Minor) at 8:14, Matthew Tkachuk (CGY) for Fighting (Major) at 12:35, Jonathan Marchessault (MTL) for Fighting (Major) at 12:35
Goalie Stats
Jacob Markstrom (MTL), 26 saves from 32 shots - (0.813), L, 0-2-0, 60:00 minutes
Ilya Sorokin (CGY), 28 saves from 29 shots - (0.966), W, 1-1-1, 60:00 minutes
Players Stats for Montreal Canadiens
Player Name G A P +/- PIM S H SB GA TA FO MP PP MP PK MP
------------------------------------------------------------------------------------
Adam Fox 0 0 0 -1 0 2 1 1 0 1 0/0 24:22 3:10 5:45
Brady Skjei 0 0 0 -1 4 0 3 2 0 1 0/0 22:39 3:10 4:00
Christian Fischer 0 0 0 -1 2 0 0 0 0 1 1/8 11:03 0:00 0:40
Damon Severson 0 0 0 -1 2 4 1 3 1 0 0/0 22:34 3:00 4:34
Dylan Larkin 0 1 1 -1 5 7 1 3 4 1 6/16 18:57 3:02 4:05
Evgeni Dadonov 0 0 0 -1 0 0 0 1 0 0 1/1 12:07 0:00 1:26
Filip Forsberg 1 0 1 -1 5 3 1 0 1 0 0/3 12:51 1:55 0:00
Filip Hronek 0 0 0 -1 0 1 1 2 0 0 0/0 12:54 0:00 0:00
Jack Johnson 0 0 0 -1 0 1 0 0 0 2 0/0 16:01 0:08 3:21
Jake Evans 0 0 0 0 0 0 1 0 0 0 2/4 7:57 0:00 0:00
Jamie Benn 0 0 0 -1 0 0 2 0 2 0 5/9 19:38 3:08 4:33
Jonathan Marchessault 0 0 0 -1 5 1 1 0 0 0 0/0 10:24 0:18 0:40
Martin Necas 0 1 1 -1 0 1 0 0 1 0 1/2 15:37 3:02 0:53
Patrik Laine 0 0 0 -1 0 4 0 1 0 0 0/0 20:29 3:08 5:32
Sidney Crosby 0 0 0 -1 2 3 2 1 0 0 13/24 19:41 3:00 4:05
Tomas Nosek 0 0 0 0 0 1 0 1 0 0 1/1 10:35 0:49 0:00
Tyler Myers 0 0 0 -1 4 0 7 1 0 1 0/0 21:37 3:00 4:14
Vladislav Namestnikov 0 0 0 0 0 1 2 0 0 0 0/0 7:57 0:00 0:00
Players Stats for Calgary Flames
Player Name G A P +/- PIM S H SB GA TA FO MP PP MP PK MP
------------------------------------------------------------------------------------
Cole Sillinger 0 0 0 1 0 2 0 0 0 0 2/4 7:51 0:00 0:00
Drew Doughty 0 0 0 1 4 1 0 0 0 0 0/0 23:39 5:38 1:04
J.T. Miller 2 0 2 0 0 2 0 1 0 1 13/25 21:37 5:44 3:02
Jeff Petry 0 1 1 1 0 4 2 2 0 2 0/0 25:24 5:19 4:03
Joel Eriksson Ek 0 2 2 0 0 3 3 0 0 0 2/5 20:36 5:44 2:59
Kris Letang 0 0 0 0 0 2 0 1 0 1 0/0 18:54 5:38 0:00
Mathieu Joseph 0 1 1 1 0 2 1 1 1 0 0/0 13:50 0:00 2:59
Matthew Tkachuk 1 2 3 0 12 3 1 0 2 0 1/2 15:14 5:43 0:00
Michael Anderson 0 1 1 2 2 0 1 1 0 0 0/0 17:17 0:00 2:30
Nic Dowd 0 0 0 1 0 0 0 0 0 1 5/9 15:28 0:00 3:00
Oliver Bjorkstrand 1 0 1 1 0 4 0 0 0 0 0/0 10:33 0:00 0:00
Rafael Harvey-Pinard 1 0 1 1 0 2 0 0 1 1 0/0 7:51 0:00 0:00
Rasmus Andersson 0 1 1 2 0 0 1 0 0 1 0/0 20:39 5:19 1:44
Ryan McDonagh 0 0 0 0 5 2 0 0 0 2 0/0 14:11 0:00 2:59
Sebastian Aho 1 0 1 1 0 2 2 0 2 0 14/22 17:00 5:13 0:09
Timo Meier 0 0 0 1 0 2 1 0 1 0 1/1 17:18 5:13 0:11
Yakov Trenin 0 0 0 1 0 1 2 0 0 0 0/0 7:51 0:00 0:00
Zach Hyman 0 1 1 1 0 0 1 1 0 0 0/0 17:00 5:13 0:00
3 Stars
1 - J.T. Miller (CGY)
2 - Ilya Sorokin (CGY)
3 - Sebastian Aho (CGY)
Power Play
Montreal Canadiens - 1 on 4 Attempt(s) - 25.00%
Calgary Flames - 3 on 7 Attempt(s) - 42.86%
Penalty Kill
Montreal Canadiens - 4 on 7 Attempt(s) - 57.14%
- Score 0 goal in Penalty Kill
Calgary Flames - 3 on 4 Attempt(s) - 75.00%
- Score 0 goal in Penalty Kill
Team Stat
Montreal Canadiens - Hits : 23 - Faceoff Wins : 30 - Blocked Shots : 16 - Penalty Minutes : 29
Calgary Flames - Hits : 15 - Faceoff Wins : 38 - Blocked Shots : 7 - Penalty Minutes : 23
Official
Referees : Trevor Hanson and Frederick L'Ecuyer
Linesman : Darren Gibbs and Brad Kovachik
Game Notes
Ryan McDonagh and Dylan Larkin fight to a draw at 6:13 of 2nd period
Matthew Tkachuk and Filip Forsberg fight to a draw at 1:41 of 3rd period
Matthew Tkachuk beats up Jonathan Marchessault at 12:35 of 3rd period
Finance
Level 1 -- Attendance: 4798 (79.97%) -- Ticket Income $479,800
Level 2 -- Attendance: 3742 (74.84%) -- Ticket Income $224,520
Level 3 -- Attendance: 2481 (82.70%) -- Ticket Income $86,835
Level 4 -- Attendance: 3771 (75.42%) -- Ticket Income $94,275
Luxury Box -- Attendance: 822 (82.20%) -- Ticket Income $164,400
Game was played at the Scotiabank Saddledome.
Total Attendance: 15614 (78.07%)
Total Ticket Income: $1,049,830
Other Income: $367,440
Total Income: $1,417,270
Montreal Canadiens
5 vs 5 Forward
Center Left Wing Right Wing Time % Phy DF OF
1 Sidney Crosby Jamie Benn Patrik Laine 30 1 2 2
2 Dylan Larkin Filip Forsberg Martin Necas 30 1 2 2
3 Christian Fischer Jonathan Marchessault Evgeni Dadonov 25 1 2 2
4 Jake Evans Tomas Nosek Vladislav Namestnikov 15 1 2 2
5 vs 5 Defense
Defense Defense Time % Phy DF OF
1 Adam Fox Brady Skjei 35 1 2 2
2 Damon Severson Tyler Myers 35 1 2 2
3 Filip Hronek Jack Johnson 30 1 2 2
4 Adam Fox Brady Skjei 0 1 2 2
PowerPlay Forward
Center Left Wing Right Wing Time % Phy DF OF
1 Sidney Crosby Jamie Benn Patrik Laine 50 1 2 2
2 Dylan Larkin Filip Forsberg Martin Necas 50 1 2 2
PowerPlay Defense
Defense Defense Time % Phy DF OF
1 Adam Fox Brady Skjei 50 1 2 2
2 Damon Severson Tyler Myers 50 1 2 2
Penalty Kill 4 Players Forward
Center Wing Time % Phy DF OF
1 Sidney Crosby Dylan Larkin 50 1 2 2
2 Jamie Benn Patrik Laine 50 1 2 2
Penalty Kill 4 Players Defense
Defense Defense Time % Phy DF OF
1 Adam Fox Brady Skjei 50 1 2 2
2 Damon Severson Tyler Myers 50 1 2 2
Penalty Kill - 3 Players Forward
Forward Time % Phy DF OF
1 Sidney Crosby 50 1 2 2
2 Dylan Larkin 50 1 2 2
Penalty Kill - 3 Players Defense
Defense Defense Time % Phy DF OF
1 Adam Fox Brady Skjei 50 1 2 2
2 Damon Severson Tyler Myers 50 1 2 2
4 vs 4 Forward
Center Wing Time % Phy DF OF
1 Sidney Crosby Dylan Larkin 50 1 2 2
2 Jamie Benn Patrik Laine 50 1 2 2
4 vs 4 Defense
Defense Defense Time % Phy DF OF
1 Adam Fox Brady Skjei 50 1 2 2
2 Damon Severson Tyler Myers 50 1 2 2
Last Minutes Offensive
Center Left Wing Right Wing Defense Defense
Sidney Crosby Jamie Benn Patrik Laine Adam Fox Brady Skjei
Last Minutes Defensive
Center Left Wing Right Wing Defense Defense
Sidney Crosby Jamie Benn Patrik Laine Adam Fox Brady Skjei
Goaltenders
Starting : Jacob Markstrom
Backup : David Rittich
Extra Forwards
Normal : Tomas Nosek, Jonathan Marchessault, Evgeni Dadonov - PP : Tomas Nosek, Jonathan Marchessault - PK : Evgeni Dadonov
Extra Defensemen
Normal : Filip Hronek, Jack Johnson, Damon Severson - PP : Filip Hronek - PK : Jack Johnson, Damon Severson
Penalty Shots
Sidney Crosby, Dylan Larkin, Jamie Benn, Patrik Laine, Filip Forsberg
Calgary Flames
5 vs 5 Forward
Center Left Wing Right Wing Time % Phy DF OF
1 J.T. Miller Matthew Tkachuk Joel Eriksson Ek 31 0 2 3
2 Sebastian Aho Zach Hyman Timo Meier 30 0 2 3
3 Nic Dowd Mathieu Joseph Oliver Bjorkstrand 29 0 2 3
4 Cole Sillinger Rafael Harvey-Pinard Yakov Trenin 10 1 3 1
5 vs 5 Defense
Defense Defense Time % Phy DF OF
1 Drew Doughty Jeff Petry 35 1 3 1
2 Ryan McDonagh Kris Letang 35 1 3 1
3 Michael Anderson Rasmus Andersson 30 1 3 1
4 Kris Letang Jeff Petry 0 1 3 1
PowerPlay Forward
Center Left Wing Right Wing Time % Phy DF OF
1 J.T. Miller Matthew Tkachuk Joel Eriksson Ek 50 0 0 5
2 Sebastian Aho Zach Hyman Timo Meier 50 0 0 5
PowerPlay Defense
Defense Defense Time % Phy DF OF
1 Kris Letang Drew Doughty 50 0 0 5
2 Rasmus Andersson Jeff Petry 50 0 0 5
Penalty Kill 4 Players Forward
Center Wing Time % Phy DF OF
1 Joel Eriksson Ek Mathieu Joseph 50 0 5 0
2 J.T. Miller Nic Dowd 50 0 5 0
Penalty Kill 4 Players Defense
Defense Defense Time % Phy DF OF
1 Jeff Petry Ryan McDonagh 50 0 5 0
2 Michael Anderson Drew Doughty 50 0 5 0
Penalty Kill - 3 Players Forward
Forward Time % Phy DF OF
1 J.T. Miller 50 0 5 0
2 Sebastian Aho 50 0 5 0
Penalty Kill - 3 Players Defense
Defense Defense Time % Phy DF OF
1 Kris Letang Jeff Petry 50 0 5 0
2 Michael Anderson Drew Doughty 50 0 5 0
4 vs 4 Forward
Center Wing Time % Phy DF OF
1 J.T. Miller Timo Meier 50 1 2 2
2 Sebastian Aho Zach Hyman 50 1 2 2
4 vs 4 Defense
Defense Defense Time % Phy DF OF
1 Kris Letang Jeff Petry 50 1 2 2
2 Drew Doughty Michael Anderson 50 1 2 2
Last Minutes Offensive
Center Left Wing Right Wing Defense Defense
J.T. Miller Matthew Tkachuk Sebastian Aho Kris Letang Drew Doughty
Last Minutes Defensive
Center Left Wing Right Wing Defense Defense
J.T. Miller Sebastian Aho Joel Eriksson Ek Ryan McDonagh Drew Doughty
Goaltenders
Starting : Ilya Sorokin
Backup : Samuel Montembeault
Extra Forwards
Normal : Nic Dowd, Joel Eriksson Ek, Mathieu Joseph - PP : Nic Dowd, Joel Eriksson Ek - PK : Mathieu Joseph
Extra Defensemen
Normal : Rasmus Andersson, Michael Anderson, Jeff Petry - PP : Rasmus Andersson - PK : Michael Anderson, Jeff Petry
Penalty Shots
J.T. Miller, Matthew Tkachuk, Sebastian Aho, Joel Eriksson Ek, Timo Meier
% Time on Ice - Montreal Canadiens
Lines # - Real PCT - Wanted PCT - Time Play
Normal Forward
1 - 29% - 30% - 11:48
2 - 29% - 30% - 11:50
3 - 24% - 25% - 9:48
4 - 19% - 15% - 7:57
Normal Defense
1 - 35% - 35% - 14:33
2 - 35% - 35% - 14:25
3 - 30% - 30% - 12:25
4 - 0% - 0% - 0:00
PP Forward
1 - 49% - 50% - 3:00
2 - 51% - 50% - 3:10
PP Defense
1 - 51% - 50% - 3:10
2 - 49% - 50% - 3:00
PK Forward
1 - 55% - 50% - 6:01
2 - 45% - 50% - 4:56
PK Defense
1 - 53% - 50% - 5:45
2 - 47% - 50% - 5:12
PK3 Forward
1 - 0% - 50%
2 - 0% - 50%
PK3 Defense
1 - 0% - 50%
2 - 0% - 50%
44 Forward
1 - 54% - 50% - 0:49
2 - 46% - 50% - 0:41
44 Defense
1 - 60% - 50% - 0:54
2 - 40% - 50% - 0:36
Last Minute Offensive - 0:00
Last Minute Defensive - 0:00
Total
Forward - 60:00
Defense - 60:00
|
% Time on Ice - Calgary Flames
Lines # - Real PCT - Wanted PCT - Time Play
Normal Forward
1 - 29% - 31% - 11:53
2 - 27% - 30% - 11:06
3 - 25% - 29% - 10:33
4 - 19% - 10% - 7:51
Normal Defense
1 - 36% - 35% - 14:53
2 - 35% - 35% - 14:31
3 - 29% - 30% - 11:59
4 - 0% - 0% - 0:00
PP Forward
1 - 52% - 50% - 5:44
2 - 48% - 50% - 5:13
PP Defense
1 - 51% - 50% - 5:38
2 - 49% - 50% - 5:19
PK Forward
1 - 49% - 50% - 3:01
2 - 51% - 50% - 3:09
PK Defense
1 - 34% - 50% - 2:05
2 - 66% - 50% - 4:05
PK3 Forward
1 - 0% - 50%
2 - 0% - 50%
PK3 Defense
1 - 0% - 50%
2 - 0% - 50%
44 Forward
1 - 51% - 50% - 0:46
2 - 49% - 50% - 0:44
44 Defense
1 - 41% - 50% - 0:37
2 - 59% - 50% - 0:53
Last Minute Offensive - 0:00
Last Minute Defensive - 0:00
Total
Forward - 60:00
Defense - 60:00
|
Play-by-Play
1st period
0:01 of 1st period - Sidney Crosby wins face-off versus J.T. Miller in neutral zone.
0:15 of 1st period - Snap shot by J.T. Miller.
0:15 of 1st period - Shot Misses the Net.
0:41 of 1st period - Snap shot by Filip Forsberg.
0:41 of 1st period - Shot Misses the Net.
0:51 of 1st period - Wrist shot by Mathieu Joseph.
0:51 of 1st period - Shot Blocked by Tyler Myers.
1:56 of 1st period - Snap shot by Filip Forsberg.
1:56 of 1st period - Stopped by Ilya Sorokin with a rebound.
3:01 of 1st period - Wrist shot by Patrik Laine.
3:01 of 1st period - Shot Misses the Net.
3:21 of 1st period - Slapshot by Oliver Bjorkstrand.
3:21 of 1st period - Shot Misses the Net.
3:23 of 1st period - Slapshot by Jeff Petry.
3:23 of 1st period - Stopped by Jacob Markstrom with a rebound.
3:25 of 1st period - Wrist shot by Mathieu Joseph.
3:25 of 1st period - Deflect By Oliver Bjorkstrand.
3:25 of 1st period - Goal by Oliver Bjorkstrand - Montreal Canadiens : 0 - Calgary Flames : 1.
3:26 of 1st period - Sebastian Aho wins face-off versus Dylan Larkin in neutral zone.
4:19 of 1st period - Snap shot by Patrik Laine.
4:19 of 1st period - Stopped by Ilya Sorokin with a rebound.
4:21 of 1st period - Slapshot by Filip Hronek.
4:21 of 1st period - Stopped by Ilya Sorokin with a rebound.
4:23 of 1st period - Backhand shot by Jack Johnson.
4:23 of 1st period - Stopped by Ilya Sorokin without a rebound.
4:24 of 1st period - Sebastian Aho wins face-off versus Dylan Larkin in Calgary Flames zone.
4:31 of 1st period - Wrist shot by Zach Hyman.
4:31 of 1st period - Shot Misses the Net.
4:33 of 1st period - Snap shot by Sebastian Aho.
4:33 of 1st period - Goal by Sebastian Aho - Montreal Canadiens : 0 - Calgary Flames : 2.
4:34 of 1st period - Dylan Larkin wins face-off versus Nic Dowd in neutral zone.
5:01 of 1st period - Brady Skjei is hit by Jeff Petry and loses puck.
5:30 of 1st period - Wrist shot by Matthew Tkachuk.
5:30 of 1st period - Shot Misses the Net.
6:09 of 1st period - Wrist shot by Dylan Larkin.
6:09 of 1st period - Shot Blocked by Jeff Petry.
6:37 of 1st period - Christian Fischer is hit by Sebastian Aho and loses puck.
7:19 of 1st period - Snap shot by Patrik Laine.
7:19 of 1st period - Stopped by Ilya Sorokin with a rebound.
7:21 of 1st period - Slapshot by Damon Severson.
7:21 of 1st period - Stopped by Ilya Sorokin with a rebound.
7:53 of 1st period - Snap shot by Rafael Harvey-Pinard.
7:53 of 1st period - Goal by Rafael Harvey-Pinard - Montreal Canadiens : 0 - Calgary Flames : 3.
7:54 of 1st period - Sidney Crosby wins face-off versus Nic Dowd in neutral zone.
8:05 of 1st period - Slapshot by Sidney Crosby.
8:05 of 1st period - Stopped by Ilya Sorokin without a rebound.
8:06 of 1st period - Sebastian Aho wins face-off versus Christian Fischer in Calgary Flames zone.
8:08 of 1st period - Icing by Zach Hyman.
8:09 of 1st period - Sebastian Aho wins face-off versus Christian Fischer in Calgary Flames zone.
8:26 of 1st period - Slapshot by Sebastian Aho.
8:26 of 1st period - Shot Misses the Net.
8:58 of 1st period - Jamie Benn is hit by Jeff Petry and loses puck.
9:27 of 1st period - Snap shot by Rafael Harvey-Pinard.
9:27 of 1st period - Stopped by Jacob Markstrom without a rebound.
9:28 of 1st period - Matthew Tkachuk wins face-off versus Filip Forsberg in Montreal Canadiens zone.
9:29 of 1st period - Snap shot by J.T. Miller.
9:29 of 1st period - Deflect By Joel Eriksson Ek.
9:29 of 1st period - Shot Misses the Net.
9:29 of 1st period - Puck is out of play.
9:30 of 1st period - J.T. Miller wins face-off versus Dylan Larkin in Montreal Canadiens zone.
9:43 of 1st period - Snap shot by Matthew Tkachuk.
9:43 of 1st period - Stopped by Jacob Markstrom with a rebound.
10:21 of 1st period - Slapshot by Rafael Harvey-Pinard.
10:21 of 1st period - Deflect By Yakov Trenin.
10:21 of 1st period - Shot Misses the Net.
10:21 of 1st period - Puck is out of play.
10:22 of 1st period - Cole Sillinger wins face-off versus Sidney Crosby in Montreal Canadiens zone.
10:23 of 1st period - Wrist shot by Rafael Harvey-Pinard.
10:23 of 1st period - Shot Blocked by Adam Fox.
11:02 of 1st period - Snap shot by Dylan Larkin.
11:02 of 1st period - Stopped by Ilya Sorokin with a rebound.
11:40 of 1st period - Icing by Drew Doughty.
11:41 of 1st period - Sidney Crosby wins face-off versus Matthew Tkachuk in Calgary Flames zone.
12:28 of 1st period - Slapshot by Matthew Tkachuk.
12:28 of 1st period - Deflect By Joel Eriksson Ek.
12:28 of 1st period - Stopped by Jacob Markstrom with a rebound.
12:30 of 1st period - Wrist shot by Matthew Tkachuk.
12:30 of 1st period - Stopped by Jacob Markstrom without a rebound.
12:31 of 1st period - Nic Dowd wins face-off versus Jake Evans in Montreal Canadiens zone.
12:52 of 1st period - Minor Penalty to Brady Skjei for Holding.
12:53 of 1st period - Sebastian Aho wins face-off versus Sidney Crosby in Montreal Canadiens zone.
13:43 of 1st period - Tyler Myers is hit by Joel Eriksson Ek and loses puck.
13:48 of 1st period - Slapshot by J.T. Miller.
13:48 of 1st period - Shot Misses the Net.
14:08 of 1st period - Snap shot by Matthew Tkachuk.
14:08 of 1st period - Goal by Matthew Tkachuk - Montreal Canadiens : 0 - Calgary Flames : 4.
14:09 of 1st period - Evgeni Dadonov wins face-off versus Sebastian Aho in neutral zone.
14:48 of 1st period - Snap shot by Oliver Bjorkstrand.
14:48 of 1st period - Stopped by Jacob Markstrom with a rebound.
15:01 of 1st period - Minor Penalty to Tyler Myers for Hooking.
15:02 of 1st period - Jamie Benn wins face-off versus Sebastian Aho in Montreal Canadiens zone.
15:28 of 1st period - Slapshot by Matthew Tkachuk.
15:28 of 1st period - Shot Blocked by Damon Severson.
15:30 of 1st period - Wrist shot by Jeff Petry.
15:30 of 1st period - Deflect By Matthew Tkachuk.
15:30 of 1st period - Shot Misses the Net.
15:30 of 1st period - Puck is out of play.
15:31 of 1st period - Sidney Crosby wins face-off versus J.T. Miller in Montreal Canadiens zone.
15:40 of 1st period - Wrist shot by J.T. Miller.
15:40 of 1st period - Shot Blocked by Patrik Laine.
15:42 of 1st period - Slapshot by Jeff Petry.
15:42 of 1st period - Shot Misses the Net.
15:44 of 1st period - Slapshot by Joel Eriksson Ek.
15:44 of 1st period - Stopped by Jacob Markstrom with a rebound.
15:56 of 1st period - Adam Fox is hit by Joel Eriksson Ek and loses puck.
16:13 of 1st period - Wrist shot by J.T. Miller.
16:13 of 1st period - Shot Misses the Net.
16:15 of 1st period - Snap shot by Matthew Tkachuk.
16:15 of 1st period - Shot Misses the Net.
16:17 of 1st period - Slapshot by Jeff Petry.
16:17 of 1st period - Shot Blocked by Dylan Larkin.
16:19 of 1st period - Wrist shot by Rasmus Andersson.
16:19 of 1st period - Shot Blocked by Dylan Larkin.
16:33 of 1st period - Wrist shot by Joel Eriksson Ek.
16:33 of 1st period - Deflect By Adam Fox.
16:33 of 1st period - Stopped by Jacob Markstrom with a rebound.
16:35 of 1st period - Slapshot by J.T. Miller.
16:35 of 1st period - Goal by J.T. Miller - Montreal Canadiens : 0 - Calgary Flames : 5.
16:36 of 1st period - Sebastian Aho wins face-off versus Christian Fischer in neutral zone.
16:39 of 1st period - Tyler Myers is hit by Zach Hyman and loses puck.
17:02 of 1st period - Mathieu Joseph is hit by Tyler Myers and loses puck.
17:09 of 1st period - Slapshot by Kris Letang.
17:09 of 1st period - Shot Misses the Net.
17:11 of 1st period - Slapshot by Jeff Petry.
17:11 of 1st period - Stopped by Jacob Markstrom with a rebound.
17:46 of 1st period - Snap shot by Sebastian Aho.
17:46 of 1st period - Shot Misses the Net.
17:48 of 1st period - Slapshot by Jeff Petry.
17:48 of 1st period - Stopped by Jacob Markstrom without a rebound.
17:49 of 1st period - J.T. Miller wins face-off versus Sidney Crosby in Montreal Canadiens zone.
17:50 of 1st period - Wrist shot by Matthew Tkachuk.
17:50 of 1st period - Shot Blocked by Filip Hronek.
17:56 of 1st period - Joel Eriksson Ek is hit by Filip Hronek and loses puck.
19:44 of 1st period - Snap shot by Dylan Larkin.
19:44 of 1st period - Stopped by Ilya Sorokin without a rebound.
19:45 of 1st period - Nic Dowd wins face-off versus Martin Necas in Calgary Flames zone.
19:45 of 1st period - Nic Dowd is hit by Filip Forsberg.
19:56 of 1st period - Minor Penalty to Tyler Myers for Holding.
19:57 of 1st period - Sebastian Aho wins face-off versus Jamie Benn in Montreal Canadiens zone.
Goals for this period are 0 for Montreal Canadiens vs 5 for Calgary Flames.
Shots for this period are 9 for Montreal Canadiens vs 15 for Calgary Flames.
2nd period
0:01 of 2nd period - Jamie Benn wins face-off versus Sebastian Aho in neutral zone.
0:06 of 2nd period - Slapshot by Patrik Laine.
0:06 of 2nd period - Stopped by Ilya Sorokin with a rebound.
0:25 of 2nd period - Minor Penalty to Matthew Tkachuk for Delaying the game.
0:26 of 2nd period - J.T. Miller wins face-off versus Sidney Crosby in Calgary Flames zone.
0:26 of 2nd period - J.T. Miller is hit by Brady Skjei.
0:40 of 2nd period - Wrist shot by J.T. Miller.
0:40 of 2nd period - Shot Blocked by Brady Skjei.
0:42 of 2nd period - Snap shot by Drew Doughty.
0:42 of 2nd period - Shot Misses the Net.
1:56 of 2nd period - Penalty to Tyler Myers is over, Tyler Myers is back on ice.
2:03 of 2nd period - Off-side.
2:04 of 2nd period - Joel Eriksson Ek wins face-off versus Dylan Larkin in neutral zone.
2:07 of 2nd period - Slapshot by Joel Eriksson Ek.
2:07 of 2nd period - Deflect By Mathieu Joseph.
2:07 of 2nd period - Stopped by Jacob Markstrom with a rebound.
2:09 of 2nd period - Snap shot by Ryan McDonagh.
2:09 of 2nd period - Stopped by Jacob Markstrom with a rebound.
2:11 of 2nd period - Snap shot by Joel Eriksson Ek.
2:11 of 2nd period - Shot Blocked by Dylan Larkin.
2:13 of 2nd period - Slapshot by Jeff Petry.
2:13 of 2nd period - Shot Misses the Net.
2:15 of 2nd period - Snap shot by Jeff Petry.
2:15 of 2nd period - Stopped by Jacob Markstrom with a rebound.
2:17 of 2nd period - Snap shot by Mathieu Joseph.
2:17 of 2nd period - Stopped by Jacob Markstrom without a rebound.
2:18 of 2nd period - Sidney Crosby wins face-off versus J.T. Miller in Montreal Canadiens zone.
2:25 of 2nd period - Penalty to Matthew Tkachuk is over, Matthew Tkachuk is back on ice.
3:27 of 2nd period - J.T. Miller is hit by Vladislav Namestnikov and loses puck.
4:02 of 2nd period - Sebastian Aho is hit by Jonathan Marchessault and loses puck.
4:35 of 2nd period - Snap shot by Dylan Larkin.
4:35 of 2nd period - Stopped by Ilya Sorokin with a rebound.
4:55 of 2nd period - Matthew Tkachuk is hit by Vladislav Namestnikov and loses puck.
5:40 of 2nd period - Michael Anderson is hit by Tyler Myers.
5:59 of 2nd period - Off-side.
6:00 of 2nd period - Sidney Crosby wins face-off versus J.T. Miller in neutral zone.
6:12 of 2nd period - Off-side.
6:13 of 2nd period - J.T. Miller wins face-off versus Dylan Larkin in neutral zone.
6:13 of 2nd period - Ryan McDonagh and Dylan Larkin fight to a draw.
6:13 of 2nd period - Penalty to Ryan McDonagh for Fighting.
6:13 of 2nd period - Penalty to Dylan Larkin for Fighting.
6:14 of 2nd period - Tomas Nosek wins face-off versus Joel Eriksson Ek in neutral zone.
6:30 of 2nd period - Off-side.
6:31 of 2nd period - Nic Dowd wins face-off versus Sidney Crosby in neutral zone.
6:36 of 2nd period - Snap shot by Oliver Bjorkstrand.
6:36 of 2nd period - Stopped by Jacob Markstrom without a rebound.
6:37 of 2nd period - Sidney Crosby wins face-off versus Nic Dowd in Montreal Canadiens zone.
6:59 of 2nd period - Minor Penalty to Sidney Crosby for Cross-checking.
7:00 of 2nd period - Jamie Benn wins face-off versus Sebastian Aho in Montreal Canadiens zone.
8:59 of 2nd period - Penalty to Sidney Crosby is over, Sidney Crosby is back on ice.
9:13 of 2nd period - Kris Letang is hit by Sidney Crosby and loses puck.
9:45 of 2nd period - Mathieu Joseph is hit by Tyler Myers and loses puck.
10:22 of 2nd period - Wrist shot by Rafael Harvey-Pinard.
10:22 of 2nd period - Shot Misses the Net.
10:38 of 2nd period - J.T. Miller is hit by Jamie Benn.
10:42 of 2nd period - Filip Hronek is hit by Matthew Tkachuk and loses puck.
10:57 of 2nd period - Evgeni Dadonov is hit by Yakov Trenin and loses puck.
11:24 of 2nd period - Tyler Myers is hit by Rasmus Andersson and loses puck.
11:53 of 2nd period - Adam Fox is hit by Yakov Trenin and loses puck.
12:02 of 2nd period - Minor Penalty to Drew Doughty for Elbowing.
12:03 of 2nd period - Sidney Crosby wins face-off versus J.T. Miller in Calgary Flames zone.
12:30 of 2nd period - Martin Necas is hit by Joel Eriksson Ek and loses puck.
12:57 of 2nd period - Mathieu Joseph is hit by Tyler Myers and loses puck.
13:08 of 2nd period - Backhand shot by Filip Forsberg.
13:08 of 2nd period - Stopped by Ilya Sorokin with a rebound.
13:30 of 2nd period - Backhand shot by Dylan Larkin.
13:30 of 2nd period - Stopped by Ilya Sorokin with a rebound.
13:32 of 2nd period - Snap shot by Dylan Larkin.
13:32 of 2nd period - Stopped by Ilya Sorokin without a rebound.
13:33 of 2nd period - Sidney Crosby wins face-off versus J.T. Miller in Calgary Flames zone.
13:34 of 2nd period - Wrist shot by Patrik Laine.
13:34 of 2nd period - Shot Misses the Net.
13:36 of 2nd period - Snap shot by Sidney Crosby.
13:36 of 2nd period - Deflect By Patrik Laine.
13:36 of 2nd period - Shot Misses the Net.
13:36 of 2nd period - Puck is out of play.
13:37 of 2nd period - J.T. Miller wins face-off versus Sidney Crosby in Calgary Flames zone.
13:46 of 2nd period - Michael Anderson is hit by Brady Skjei and loses puck.
14:02 of 2nd period - Penalty to Drew Doughty is over, Drew Doughty is back on ice.
14:33 of 2nd period - Snap shot by Yakov Trenin.
14:33 of 2nd period - Shot Blocked by Damon Severson.
14:35 of 2nd period - Wrist shot by Rafael Harvey-Pinard.
14:35 of 2nd period - Shot Misses the Net.
14:37 of 2nd period - Slapshot by Ryan McDonagh.
14:37 of 2nd period - Stopped by Jacob Markstrom with a rebound.
14:39 of 2nd period - Slapshot by Yakov Trenin.
14:39 of 2nd period - Shot Blocked by Tomas Nosek.
14:41 of 2nd period - Wrist shot by Yakov Trenin.
14:41 of 2nd period - Stopped by Jacob Markstrom without a rebound.
14:42 of 2nd period - J.T. Miller wins face-off versus Christian Fischer in Montreal Canadiens zone.
14:43 of 2nd period - Snap shot by Matthew Tkachuk.
14:43 of 2nd period - Deflect By Tyler Myers.
14:43 of 2nd period - Shot Misses the Net.
14:43 of 2nd period - Puck is out of play.
14:44 of 2nd period - J.T. Miller wins face-off versus Christian Fischer in Montreal Canadiens zone.
14:50 of 2nd period - Minor Penalty to Christian Fischer for Holding.
14:51 of 2nd period - Sebastian Aho wins face-off versus Jamie Benn in Montreal Canadiens zone.
14:53 of 2nd period - Snap shot by Timo Meier.
14:53 of 2nd period - Shot Misses the Net.
14:55 of 2nd period - Snap shot by Sebastian Aho.
14:55 of 2nd period - Shot Blocked by Damon Severson.
14:57 of 2nd period - Snap shot by Kris Letang.
14:57 of 2nd period - Stopped by Jacob Markstrom with a rebound.
14:59 of 2nd period - Snap shot by Drew Doughty.
14:59 of 2nd period - Stopped by Jacob Markstrom with a rebound.
15:01 of 2nd period - Wrist shot by Timo Meier.
15:01 of 2nd period - Stopped by Jacob Markstrom with a rebound.
16:34 of 2nd period - Drew Doughty is hit by Damon Severson and loses puck.
16:50 of 2nd period - Penalty to Christian Fischer is over, Christian Fischer is back on ice.
17:03 of 2nd period - Wrist shot by Dylan Larkin.
17:03 of 2nd period - Stopped by Ilya Sorokin without a rebound.
17:04 of 2nd period - Christian Fischer wins face-off versus Nic Dowd in Calgary Flames zone.
17:08 of 2nd period - Minor Penalty to Michael Anderson for Goalie Interference.
17:09 of 2nd period - Sidney Crosby wins face-off versus J.T. Miller in Calgary Flames zone.
17:15 of 2nd period - Slapshot by Sidney Crosby.
17:15 of 2nd period - Shot Misses the Net.
17:17 of 2nd period - Slapshot by Adam Fox.
17:17 of 2nd period - Deflect By Jamie Benn.
17:17 of 2nd period - Shot Blocked by Jeff Petry.
17:17 of 2nd period - Puck is out of play.
17:18 of 2nd period - Sidney Crosby wins face-off versus J.T. Miller in Calgary Flames zone.
18:19 of 2nd period - Slapshot by Adam Fox.
18:19 of 2nd period - Stopped by Ilya Sorokin without a rebound.
18:20 of 2nd period - Joel Eriksson Ek wins face-off versus Dylan Larkin in Calgary Flames zone.
18:35 of 2nd period - Snap shot by Martin Necas.
18:35 of 2nd period - Shot Misses the Net.
18:37 of 2nd period - Snap shot by Damon Severson.
18:37 of 2nd period - Stopped by Ilya Sorokin without a rebound.
18:38 of 2nd period - J.T. Miller wins face-off versus Filip Forsberg in Calgary Flames zone.
18:49 of 2nd period - Slapshot by Martin Necas.
18:49 of 2nd period - Shot Misses the Net.
18:51 of 2nd period - Wrist shot by Filip Forsberg.
18:51 of 2nd period - Goal by Filip Forsberg - Montreal Canadiens : 1 - Calgary Flames : 5.
18:52 of 2nd period - Dylan Larkin wins face-off versus Joel Eriksson Ek in neutral zone.
19:48 of 2nd period - Minor Penalty to Damon Severson for Tripping.
19:49 of 2nd period - Jamie Benn wins face-off versus Sebastian Aho in Montreal Canadiens zone.
Goals for this period are 1 for Montreal Canadiens vs 0 for Calgary Flames.
Shots for this period are 9 for Montreal Canadiens vs 10 for Calgary Flames.
3rd period
0:01 of 3rd period - Sebastian Aho wins face-off versus Jamie Benn in neutral zone.
0:03 of 3rd period - Off-side.
0:04 of 3rd period - Sebastian Aho wins face-off versus Jamie Benn in neutral zone.
0:51 of 3rd period - Wrist shot by Sidney Crosby.
0:51 of 3rd period - Stopped by Ilya Sorokin with a rebound.
0:54 of 3rd period - Icing by Kris Letang.
0:55 of 3rd period - Sidney Crosby wins face-off versus Sebastian Aho in Calgary Flames zone.
1:21 of 3rd period - Off-side.
1:22 of 3rd period - Sidney Crosby wins face-off versus Joel Eriksson Ek in neutral zone.
1:29 of 3rd period - Backhand shot by J.T. Miller.
1:29 of 3rd period - Goal by J.T. Miller - Montreal Canadiens : 1 - Calgary Flames : 6.
1:30 of 3rd period - J.T. Miller wins face-off versus Dylan Larkin in neutral zone.
1:41 of 3rd period - Matthew Tkachuk and Filip Forsberg fight to a draw.
1:41 of 3rd period - Penalty to Matthew Tkachuk for Fighting.
1:41 of 3rd period - Penalty to Filip Forsberg for Fighting.
1:42 of 3rd period - Dylan Larkin wins face-off versus J.T. Miller in Calgary Flames zone.
1:45 of 3rd period - Wrist shot by Dylan Larkin.
1:45 of 3rd period - Stopped by Ilya Sorokin with a rebound.
1:53 of 3rd period - Snap shot by J.T. Miller.
1:53 of 3rd period - Shot Misses the Net.
1:55 of 3rd period - Snap shot by Joel Eriksson Ek.
1:55 of 3rd period - Deflect By Nic Dowd.
1:55 of 3rd period - Shot Misses the Net.
1:55 of 3rd period - Puck is out of play.
1:56 of 3rd period - Sebastian Aho wins face-off versus Dylan Larkin in Montreal Canadiens zone.
2:06 of 3rd period - Minor Penalty to Drew Doughty for Hooking.
2:07 of 3rd period - Martin Necas wins face-off versus J.T. Miller in Calgary Flames zone.
2:07 of 3rd period - Wrist shot by Dylan Larkin.
2:07 of 3rd period - Deflect By Martin Necas.
2:07 of 3rd period - Shot Misses the Net.
2:07 of 3rd period - Puck is out of play.
2:08 of 3rd period - Dylan Larkin wins face-off versus J.T. Miller in Calgary Flames zone.
2:11 of 3rd period - Snap shot by Martin Necas.
2:11 of 3rd period - Shot Misses the Net.
2:39 of 3rd period - Slapshot by Patrik Laine.
2:39 of 3rd period - Stopped by Ilya Sorokin with a rebound.
2:41 of 3rd period - Slapshot by Sidney Crosby.
2:41 of 3rd period - Stopped by Ilya Sorokin with a rebound.
2:55 of 3rd period - J.T. Miller is hit by Dylan Larkin and loses puck.
4:03 of 3rd period - Timo Meier is hit by Sidney Crosby.
4:06 of 3rd period - Penalty to Drew Doughty is over, Drew Doughty is back on ice.
4:28 of 3rd period - Slapshot by Yakov Trenin.
4:28 of 3rd period - Shot Blocked by Filip Hronek.
4:58 of 3rd period - Vladislav Namestnikov is hit by Mathieu Joseph and loses puck.
5:39 of 3rd period - Jamie Benn is hit by Timo Meier and loses puck.
6:13 of 3rd period - Off-side.
6:14 of 3rd period - Cole Sillinger wins face-off versus Jake Evans in neutral zone.
6:46 of 3rd period - Filip Hronek is hit by Michael Anderson and loses puck.
7:05 of 3rd period - Snap shot by Tomas Nosek.
7:05 of 3rd period - Shot Misses the Net.
7:09 of 3rd period - Slapshot by Tomas Nosek.
7:09 of 3rd period - Stopped by Ilya Sorokin with a rebound.
7:11 of 3rd period - Slapshot by Damon Severson.
7:11 of 3rd period - Stopped by Ilya Sorokin without a rebound.
7:12 of 3rd period - Dylan Larkin wins face-off versus J.T. Miller in Calgary Flames zone.
7:13 of 3rd period - Snap shot by Martin Necas.
7:13 of 3rd period - Stopped by Ilya Sorokin with a rebound.
8:12 of 3rd period - Snap shot by Drew Doughty.
8:12 of 3rd period - Shot Misses the Net.
8:14 of 3rd period - Minor Penalty to Brady Skjei for Hooking.
8:15 of 3rd period - Jamie Benn wins face-off versus Sebastian Aho in Montreal Canadiens zone.
8:24 of 3rd period - Drew Doughty is hit by Tyler Myers and loses puck.
10:14 of 3rd period - Penalty to Brady Skjei is over, Brady Skjei is back on ice.
10:23 of 3rd period - Jeff Petry is hit by Jake Evans and loses puck.
10:32 of 3rd period - Mathieu Joseph is hit by Tyler Myers.
10:44 of 3rd period - Slapshot by Cole Sillinger.
10:44 of 3rd period - Stopped by Jacob Markstrom with a rebound.
10:46 of 3rd period - Backhand shot by Cole Sillinger.
10:46 of 3rd period - Shot Misses the Net.
10:48 of 3rd period - Wrist shot by Kris Letang.
10:48 of 3rd period - Stopped by Jacob Markstrom with a rebound.
10:50 of 3rd period - Snap shot by Yakov Trenin.
10:50 of 3rd period - Shot Blocked by Evgeni Dadonov.
10:52 of 3rd period - Wrist shot by Cole Sillinger.
10:52 of 3rd period - Stopped by Jacob Markstrom without a rebound.
10:53 of 3rd period - Nic Dowd wins face-off versus Dylan Larkin in Montreal Canadiens zone.
11:18 of 3rd period - Michael Anderson is hit by Brady Skjei and loses puck.
11:31 of 3rd period - Wrist shot by Vladislav Namestnikov.
11:31 of 3rd period - Shot Misses the Net.
11:52 of 3rd period - Snap shot by Vladislav Namestnikov.
11:52 of 3rd period - Deflect By Tomas Nosek.
11:52 of 3rd period - Shot Misses the Net.
11:52 of 3rd period - Puck is out of play.
11:53 of 3rd period - J.T. Miller wins face-off versus Sidney Crosby in Calgary Flames zone.
12:00 of 3rd period - Snap shot by Sidney Crosby.
12:00 of 3rd period - Shot Blocked by Michael Anderson.
12:02 of 3rd period - Wrist shot by Sidney Crosby.
12:02 of 3rd period - Shot Misses the Net.
12:04 of 3rd period - Slapshot by Damon Severson.
12:04 of 3rd period - Deflect By Patrik Laine.
12:04 of 3rd period - Shot Blocked by J.T. Miller.
12:04 of 3rd period - Puck is out of play.
12:05 of 3rd period - J.T. Miller wins face-off versus Sidney Crosby in Calgary Flames zone.
12:18 of 3rd period - Wrist shot by Joel Eriksson Ek.
12:18 of 3rd period - Shot Misses the Net.
12:35 of 3rd period - Matthew Tkachuk beats up Jonathan Marchessault.
12:35 of 3rd period - Penalty to Matthew Tkachuk for Fighting.
12:35 of 3rd period - Penalty to Jonathan Marchessault for Fighting.
12:36 of 3rd period - Sebastian Aho wins face-off versus Filip Forsberg in Calgary Flames zone.
12:43 of 3rd period - Damon Severson is hit by Sebastian Aho and loses puck.
12:52 of 3rd period - Snap shot by Dylan Larkin.
12:52 of 3rd period - Shot Blocked by Zach Hyman.
13:07 of 3rd period - Icing by Drew Doughty.
13:08 of 3rd period - J.T. Miller wins face-off versus Sidney Crosby in Calgary Flames zone.
13:31 of 3rd period - Snap shot by Joel Eriksson Ek.
13:31 of 3rd period - Deflect By Nic Dowd.
13:31 of 3rd period - Shot Misses the Net.
13:31 of 3rd period - Puck is out of play.
13:32 of 3rd period - Dylan Larkin wins face-off versus Sebastian Aho in Montreal Canadiens zone.
14:03 of 3rd period - Snap shot by Oliver Bjorkstrand.
14:03 of 3rd period - Stopped by Jacob Markstrom without a rebound.
14:04 of 3rd period - Nic Dowd wins face-off versus Christian Fischer in Montreal Canadiens zone.
14:15 of 3rd period - Slapshot by Evgeni Dadonov.
14:15 of 3rd period - Shot Blocked by Kris Letang.
14:17 of 3rd period - Wrist shot by Tomas Nosek.
14:17 of 3rd period - Shot Misses the Net.
14:19 of 3rd period - Slapshot by Adam Fox.
14:19 of 3rd period - Shot Misses the Net.
14:21 of 3rd period - Wrist shot by Christian Fischer.
14:21 of 3rd period - Shot Blocked by Mathieu Joseph.
14:23 of 3rd period - Slapshot by Adam Fox.
14:23 of 3rd period - Deflect By Mathieu Joseph.
14:23 of 3rd period - Stopped by Ilya Sorokin without a rebound.
14:24 of 3rd period - Sebastian Aho wins face-off versus Dylan Larkin in Calgary Flames zone.
17:29 of 3rd period - Off-side.
17:30 of 3rd period - Jake Evans wins face-off versus Cole Sillinger in neutral zone.
17:37 of 3rd period - Slapshot by Vladislav Namestnikov.
17:37 of 3rd period - Stopped by Ilya Sorokin without a rebound.
17:38 of 3rd period - Timo Meier wins face-off versus Sidney Crosby in Calgary Flames zone.
17:38 of 3rd period - Timo Meier is hit by Jamie Benn.
17:46 of 3rd period - Slapshot by Rasmus Andersson.
17:46 of 3rd period - Shot Blocked by Brady Skjei.
17:48 of 3rd period - Slapshot by Michael Anderson.
17:48 of 3rd period - Shot Misses the Net.
17:52 of 3rd period - Snap shot by Zach Hyman.
17:52 of 3rd period - Deflect By Timo Meier.
17:52 of 3rd period - Stopped by Jacob Markstrom with a rebound.
17:54 of 3rd period - Slapshot by Rasmus Andersson.
17:54 of 3rd period - Shot Blocked by Sidney Crosby.
18:09 of 3rd period - Oliver Bjorkstrand is hit by Adam Fox and loses puck.
18:31 of 3rd period - Snap shot by Jonathan Marchessault.
18:31 of 3rd period - Stopped by Ilya Sorokin without a rebound.
18:32 of 3rd period - J.T. Miller wins face-off versus Christian Fischer in Calgary Flames zone.
18:32 of 3rd period - J.T. Miller is hit by Tyler Myers.
18:44 of 3rd period - Slapshot by Matthew Tkachuk.
18:44 of 3rd period - Shot Misses the Net.
18:52 of 3rd period - Slapshot by Damon Severson.
18:52 of 3rd period - Stopped by Ilya Sorokin without a rebound.
18:53 of 3rd period - Sebastian Aho wins face-off versus Sidney Crosby in Calgary Flames zone.
19:04 of 3rd period - Snap shot by Timo Meier.
19:04 of 3rd period - Shot Misses the Net.
19:06 of 3rd period - Wrist shot by Zach Hyman.
19:06 of 3rd period - Shot Misses the Net.
19:08 of 3rd period - Wrist shot by Sebastian Aho.
19:08 of 3rd period - Stopped by Jacob Markstrom with a rebound.
19:58 of 3rd period - Icing by Jeff Petry.
19:59 of 3rd period - Jake Evans wins face-off versus Cole Sillinger in Calgary Flames zone.
Goals for this period are 0 for Montreal Canadiens vs 1 for Calgary Flames.
Shots for this period are 11 for Montreal Canadiens vs 7 for Calgary Flames.
Back to the Top